cohdb
Replays
Latest Replays
All Replays
Popular Replays
Top Player Replays
Match Explorer
How It Works
Community
CoH3 Stats
Reddit
Sign in to upload your games and track your stats! →
Sign in with Steam
Match 47474154
Unlisted
Match 47474154
Overview
Messages
Build Orders
End
Engineer Squad
Construct Barracks
Selects Armored Battlegroup
Selects Assault Engineers
Riflemen Squad
Riflemen Squad
Construct Medical Station
Construct Weapon Support Center
Riflemen Squad
Grenade Package
Selects Fast Deploy
Air Support Center
M1919 Machine Gun Team
Selects M8 Scott SPG
Assault Engineer Squad
Selects UNKNOWN (2160077)
P-47 Strafing Run
Bazooka Squad
Construct Tank Depot
P-47 Strafing Run
P-47 Dive Bomb
P-47 Strafing Run
Riflemen Squad
Selects Field Repairs
M4A3E8 Sherman Easy Eight
Selects War Machine
Selects War Machine
M4A3E8 Sherman Easy Eight
Assault Engineer Squad
P-47 Dive Bomb
Mathinator
Henk
water
It's Takotime
Rensesus
Humongai Maximus
Freakdog
Green Sea Squash
0
0
Comments
sign in to comment!
No comments posted yet!